 Zot Defence DCSS version 0.15.2 (webtiles) character file.

501 blackwizard the Caller (level 6, 0/55 HPs)
             Began as a Troll Summoner on May 26, 2017.
             Slain by an adder (3 damage)
             ... in the Realm of Zot (Scenario III: Two or Three?).
             The game lasted 00:07:40 (896 turns).

blackwizard the Caller (Troll Summoner)              Turns: 896, Time: 00:07:41

HP   0/55        AC  5     Str 19      XL: 6   Next: 95%
MP   4/8         EV 10     Int 11      God:
Gold 0           SH  0     Dex 10      Spells:  1 memorised,  8 levels left

rFire  . . .     SeeInvis .     k - +0 club
rCold  . . .     Clarity  .     a - +0 robe
rNeg   . . .     rCorr    .     (shield restricted)
rPois  .         rRot     .     (helmet restricted)
rElec  .         Spirit   .     (no cloak)
SustAb .         Warding  .     (gloves unavailable)
rMut   .         Stasis   .     (boots unavailable)
Gourm  +                        (no amulet)
MR     .....                    (no ring)
                                (no ring)

@: lethally poisoned, not resistant to hostile enchantments, very unstealthy
A: unfitting armour, claws 3, fast metabolism 3, gourmand, regeneration 2,
saprovore 2, shaggy fur 1, tough skin 2
a: Make oklob sapling, Make arrow trap, Make plant, Remove Curse, Make burning
bush, Make altar, Make grenades


You were in the Realm of Zot.
You were not hungry.

You visited 1 branch

Inventory:

Hand weapons
 j - a cursed +0 dagger
 k - a +0 club (weapon)
Armour
 a - a +0 robe (worn)
Comestibles
 d - 2 meat rations
Scrolls
 i - a scroll of blinking
Potions
 c - 3 potions of curing
 f - a potion of haste
 g - 2 potions of magic
 h - a potion of berserk rage
Books
 b - a book of Callings

   Spells                             Type                      Level
   *Summon Small Mammal               Summoning                    1
   Call Imp                           Summoning                    2
   Call Canine Familiar               Summoning                    3
   Summon Guardian Golem              Hexes/Summoning              4
   Summon Lightning Spire             Summoning/Air                4
   Summon Ice Beast                   Ice/Summoning                4


   Skills:
 + Level 1.0 Fighting
 + Level 0.3 Maces & Flails
 + Level 2.5 Dodging
 - Level 1.1 Stealth
 + Level 0.4 Unarmed Combat
 + Level 2.4 Spellcasting
 + Level 5.2 Summonings


You had 8 spell levels left.
You knew the following spells:

 Your Spells              Type           Power        Failure   Level  Hunger
a - Summon Small Mammal   Summ           ##..         3%          1    ##.....


Dungeon Overview and Level Annotations

Branches:
    Zot (1/1)

Altars:


Innate Abilities, Weirdness & Mutations

You are too large for most types of armour.
You have claws for hands.
Your metabolism is lightning-fast.
You like to eat raw meat.
You heal very quickly.
You can eat rotten meat.
You are covered in fur (AC +1).
You have very tough skin (AC +2).


Message History

The adder is severely wounded.
You feel sick.
Your bat hits the iguana but does no damage.
Your bat barely misses the adder.
The adder bites you but does no damage.
Your rat barely misses the adder.
The ooze barely misses you. The adder completely misses you.
The adder bites you.
* * * LOW HITPOINT WARNING * * *
Your rat bites the adder.
A goblin comes into view. It is wielding a dagger.
You hit the adder but do no damage.
The adder is heavily wounded.
Your bat closely misses the iguana.
Your bat hits the adder.
Your bat hits the iguana but does no damage.
Your bat barely misses the adder.
The adder closely misses you. The ooze hits you.
* * * LOW HITPOINT WARNING * * *
The iguana closely misses you.
Your bat misses Soedimad.
Your bat barely misses the iguana.
Your rat bites the adder.
The adder bites you.
You die...

▓▓ ▓▓▓.............▓▓▓ ▓▓
▓▓▓▓▓▓▓▓▓▓▓▓.........▓▓▓▓▓▓▓▓▓▓▓▓
∆∆∆∆[▓▓▓▓▓▓▓▓......g▓▓▓▓▓▓▓▓}∆∆∆∆
▓▓▓▓▓▓▓▓▓▓▓▓..%.)....▓▓▓▓▓▓▓▓▓▓▓▓
▓▓ ▓▓▓.....K(.(....▓▓▓ ▓▓ ∆▓
▓▓▓.................▓▓▓ ▓∆ ∆▓
▓▓▓....▓.....r...).▓....▓▓▓ ▓∆
▓▓▓▓....▓▓▓▓..%%SJ%..▓▓▓▓....▓▓▓▓
▓▓....▓▓▓ ▓▓)bl@SbW▓▓ ▓▓▓....▓▓
....▓▓▓ ▓▓▓▓▓▓▓▓▓ ▓▓▓....
▓▓▓▓▓▓▓▓▓▓▓▓▓▓▓▓▓▓▓▓▓▓▓▓▓▓▓▓▓▓▓▓▓
▓▓▓....▓.................▓....▓▓▓
▓▓.....▓.................▓.....▓▓
▓▓...▓▓...................▓▓...▓▓
▓▓...▓..▓▓▓▓▓▓▓▓.▓▓▓▓▓▓▓▓..▓...▓▓
▓▓...▓..▓ ▓.▓ ▓..▓...▓▓ ▓....▓..▓
▓▓.▓▓ ▓..▓....▓


You could see Soedimad the phantom, an iguana, an ooze, 2 adders, a goblin, a
kobold, 2 friendly bats and a friendly rat.

Vanquished Creatures
  An ogre (Zot)
  An iguana (Zot)
  A mummy (Zot)
  A giant mite (Zot)
  A green rat (Zot)
  A giant gecko (Zot)
  8 orcs (Zot)
  2 ball pythons (Zot)
  A bat (Zot)
  7 goblins (Zot)
  2 jackals (Zot)
  2 kobolds (Zot)
  A quokka (Zot)
  A giant newt (Zot)
  3 rats (Zot)
33 creatures vanquished.

Vanquished Creatures (collateral kills)
  Jessica (Zot)
  2 oozes (Zot)
  6 orcs (Zot)
  A giant cockroach (Zot)
  13 goblins (Zot)
  A hobgoblin (Zot)
  2 ball pythons (Zot)
  3 bats (Zot)
  A giant gecko (Zot)
  6 kobolds (Zot)
  7 rats (Zot)
43 creatures vanquished.

Vanquished Creatures (others)
  17 bats (Zot)
  9 quokkas (Zot)
  20 rats (Zot)
46 creatures vanquished.

Grand Total: 122 creatures vanquished

Notes
Turn   | Place    | Note
--------------------------------------------------------------
     0 | Zot      | blackwizard, the Troll Summoner, began the quest for the Orb.
     0 | Zot      | Reached XP level 1. HP: 16/16 MP: 2/2
   207 | Zot      | Reached skill level 3 in Summonings
   220 | Zot      | Reached XP level 2. HP: 24/24 MP: 0/2
   227 | Zot      | Noticed Ytoroqemn
   261 | Zot      | Killed Ytoroqemn the ogre
   261 | Zot      | Reached skill level 4 in Summonings
   261 | Zot      | Reached XP level 3. HP: 31/31 MP: 0/4
   261 | Zot      | Reached XP level 4. HP: 39/39 MP: 0/4
   261 | Zot      | Reached XP level 5. HP: 45/45 MP: 0/5
   431 | Zot      | Noticed Soedimad
   440 | Zot      | Reached XP level 6. HP: 41/53 MP: 3/7
   531 | Zot      | Reached skill level 5 in Summonings
   727 | Zot      | Noticed Jessica
   865 | Zot      | Killed Jessica
   874 | Zot      | Reached skill level 1 in Fighting
   896 | Zot      | Slain by an adder

Action                   |  1- 3 |  4- 6 || total
-------------------------+-------+-------++-------
Melee: Unarmed           |    14 |    15 ||    29
       Dagger            |       |    17 ||    17
       Club              |       |   190 ||   190
 Cast: Summon Small Mamm |     6 |    59 ||    65
  Use: Potion            |       |     1 ||     1
 Stab: Distracted        |       |     1 ||     1
